 Dungeon Crawl Stone Soup version 0.26.1-11-gd32895ea62 (webtiles) character file.

Game seed: 2107687661750292191

977 Zeld the Cudgeller (level 7, -11/60 HPs)
             Began as a White Draconian Gladiator on June 14, 2021.
             Mangled by Prince Ribbit (18 damage)
             ... on level 5 of the Dungeon.
             The game lasted 00:06:36 (5961 turns).

Zeld the Cudgeller (White Draconian Gladiator)      Turns: 5961, Time: 00:06:37

Health: -11/60     AC: 10    Str: 18    XL:     7   Next: 95%
Magic:  7/7        EV: 14    Int:  9    God:
Gold:   245        SH:  0    Dex: 12    Spells: 6/6 levels left

rFire    . . .     SeeInvis .   a - +0 flail
rCold    + . .     Faith    .   (no shield)
rNeg     . . .     Spirit   .   (armour unavailable)
rPois    .         Reflect  .   b - +0 hat
rElec    .         Harm     .   (no cloak)
rCorr    .         Rampage  .   n - +0 pair of gloves
Will     .....                  m - +2 pair of boots
Stlth    +.........             (no amulet)
HPRegen  0.20/turn              (no ring)
MPRegen  0.10/turn              (no ring)

@: no status effects
A: breathe frost, unfitting armour, cold resistance 1, cold-blooded, AC +6
a: Breathe Frost


You were on level 5 of the Dungeon.
You visited 1 branch of the dungeon, and saw 5 of its levels.

You collected 245 gold pieces.

Inventory:

Hand Weapons
 a - a +0 flail (weapon)
Missiles
 h - 127 stones (quivered)
 t - 20 poisoned darts
Armour
 b - a +0 hat (worn)
 m - a +2 pair of boots (worn)
 n - a +0 pair of gloves (worn)
Jewellery
 l - an uncursed ring of protection from fire
Scrolls
 d - 3 scrolls of teleportation
 e - 3 scrolls of identify
 g - 4 scrolls of remove curse
 o - a scroll of enchant armour
Potions
 f - a potion of lignification {unknown}
 i - 2 potions of invisibility {unknown}
 j - 4 potions of curing {unknown}
 k - 2 potions of haste {unknown}
 p - a potion of brilliance {unknown}
 q - a potion of berserk rage {unknown}
 r - 2 potions of might {unknown}
 s - a potion of degeneration {unknown}
 u - a potion of heal wounds {unknown}
 v - a potion of flight {unknown}


   Skills:
 + Level 4.5 Fighting
 * Level 6.1 Maces & Flails
 * Level 5.1 Throwing
 + Level 4.2 Dodging


You had 6 spell levels left.
You didn't know any spells.
Your spell library contained the following spells:

 Spells                   Type           Power        Failure   Level
 Confusing Touch          Hex            0%           77%         3
 Gell's Gravitas          Tloc           0%           77%         3
 Petrify                  Tmut/Erth      0%           99%         4
 Metabolic Englaciation   Hex/Ice        0%           100%        5
 Yara's Violent Unravell  Hex/Tmut       0%           100%        5


Dungeon Overview and Level Annotations

Branches:
Dungeon (5/15)
 Temple: D:4-7

Altars:
Fedhas
Makhleb
Okawaru
Ru
Wu Jian
Yredelemnul
Zin

Annotations:
D:3 2 transporters, Zeld's ghost, amateur OpTm
D:5 Prince Ribbit


Innate Abilities, Weirdness & Mutations

You can breathe waves of freezing cold.
You can buffet flying creatures when you breathe cold.
Your icy white scales are hard. (AC +6)
You cannot fit into any form of body armour.
Your flesh is cold resistant. (rC+)
You are cold-blooded and may be slowed by cold attacks.


Message History

Prince Ribbit closely misses you. Prince Ribbit hits you!
* * * LOW HITPOINT WARNING * * *
Press: ? - help, Shift-Dir - straight line, p - Prince Ribbit You exhale a wave of freezing cold.
The freezing breath hits Prince Ribbit!
Prince Ribbit is heavily wounded.
Prince Ribbit hits you.
* * * LOW HITPOINT WARNING * * *
Prince Ribbit closely misses you.
Unknown command.
Unknown command.
Unknown command.
You have got your breath back.
Prince Ribbit hits you but does no damage.
Prince Ribbit barely misses you.
Prince Ribbit blinks!
Prince Ribbit hops awkwardly around.
Prince Ribbit blinks!
Prince Ribbit blinks!
Prince Ribbit hits you!!
You die...

#.#.# #.#.#.#....
#.#.# #.#.#.##.##
#.#.. #........##
#.# ###.#.#####
#.# #.#.# # #)#
#.#.# # #.# #.#.#
#
#.###########.#.#
#
#...@F........#..
#.###########.###
### ###


You could see Prince Ribbit.

Vanquished Creatures
  A sky beast (D:5)
  2 ogres (D:4)
  2 centaurs (D:5)
  A howler monkey (D:4)
  2 jellies (D:1)
  A bullfrog skeleton (D:5)
  2 orc wizards (D:3)
  3 iguanas
  3 worker ants
  A howler monkey zombie (D:5)
  A howler monkey skeleton (D:4)
  3 gnolls (D:2)
  8 adders
  4 oozes (D:1)
  3 worms
  A dart slug (D:4)
  2 leopard geckos
  9 orcs
  7 bats
  6 giant cockroaches
  2 hobgoblins (D:3)
  4 jackals (D:1)
  3 kobolds (D:1)
  A quokka (D:3)
  A ball python (D:1)
  3 frilled lizards
  8 goblins
  9 rats
93 creatures vanquished.

Notes
Turn   | Place    | Note
-------+----------+-------------------------------------------
     0 | D:1      | Zeld the Draconian Gladiator began the quest for the Orb.
     0 | D:1      | Reached XP level 1. HP: 17/17 MP: 1/1
     1 | D:1      | Found a runed translucent door.
     1 | D:1      | Noticed a jelly
     2 | D:1      | Noticed a jelly
   318 | D:1      | Reached XP level 2. HP: 20/25 MP: 2/2
   777 | D:1      | Reached XP level 3. HP: 21/30 MP: 3/3
   782 | D:1      | Reached XP level 4. HP: 19/37 MP: 4/4
   798 | D:1      | HP: 1/37 [ooze (3)]
  1193 | D:2      | Reached skill level 4 in Maces & Flails
  1349 | D:2      | Reached XP level 5. HP: 34/45 MP: 5/5
  2492 | D:3      | Found a glowing silver altar of Zin.
  2608 | D:3      | HP: 2/45 [poisoned by an orc wizard]
  2615 | D:3      | HP: 1/45 [poisoned by an orc wizard]
  2623 | D:3      | HP: 1/45 [poisoned by an orc wizard]
  3257 | D:3      | Noticed Zeld's ghost (amateur OpTm)
  3278 | D:3      | Found a transporter.
  3289 | D:3      | Found a transporter.
  3297 | D:3      | Found a faded altar of an unknown god.
  3434 | D:3      | Reached XP level 6. HP: 33/51 MP: 6/6
  4479 | D:4      | Reached skill level 5 in Maces & Flails
  4564 | D:4      | Your scales start taking on an icy white colour.
  4564 | D:4      | Reached XP level 7. HP: 43/58 MP: 7/7
  4564 | D:4      | Gained mutation: Your flesh is cold resistant. (rC+) [White
                  | Draconian growth]
  4989 | D:5      | Entered Level 5 of the Dungeon
  4995 | D:5      | Found a burning altar of Makhleb.
  4995 | D:5      | Found an ornate altar of the Wu Jian Council.
  4996 | D:5      | Found a basalt altar of Yredelemnul.
  4996 | D:5      | Found a blossoming altar of Fedhas.
  4998 | D:5      | Found an iron altar of Okawaru.
  4999 | D:5      | Found a sacrificial altar of Ru.
  5694 | D:5      | Reached skill level 6 in Maces & Flails
  5694 | D:5      | Reached skill level 5 in Throwing
  5878 | D:5      | Noticed Prince Ribbit
  5961 | D:5      | Mangled by Prince Ribbit

Illustrated notes

Levels and vault maps discovered:
D:1:      dpeg_arrival_caged_fury, layout_loops_cross, chequers_jeans
D:2:      layout_basic, lemuel_another_geyser
D:3:      layout_loops_ring, zin_statuary, gammafunk_ghost_stat_death,
          chequers_ecumenical_altar_grove
D:4:      layout_rooms
D:5:      layout_basic, grunt_temple_overflow_open,
          gammafunk_ghost_nasty_kobolds, uniq_prince_ribbit1

Skill      XL: |  1  2  3  4  5  6  7 |
---------------+----------------------+-----
Throwing       | 2 3 4 5 |  5.1
Dodging        | 3 4 |  4.2
Maces & Flails | 4 5 6 |  6.1
Fighting       | 3 4 |  4.5

Action                   |  1- 3 |  4- 6 |  7- 9 || total
-------------------------+-------+-------+-------++-------
Melee: Flail             |    42 |   253 |    67 ||   362
       Tailslap          |     6 |    40 |     9 ||    55
Throw: Throwing net      |       |     2 |     1 ||     3
       Stone             |       |       |     5 ||     5
 Abil: Breathe Frost     |       |       |     7 ||     7
  Use: Scroll            |       |     6 |     2 ||     8
 Stab: Held in net/web   |       |     1 |       ||     1
Armor: Skin              |    12 |   137 |    25 ||   174
Dodge: Dodged            |    27 |   245 |    48 ||   320
